 Dungeon Crawl Stone Soup version 0.30.2 (webtiles) character file.

Game seed: 15591370511113694320

5965 porpoise the Skirmisher (level 11, -6/75 HPs)
             Began as a Human Hexslinger on Jan 31, 2024.
             Was a Priest of Hepliaklqana.
             Mangled by a troll (9 damage)
             ... on level 8 of the Dungeon.
             The game lasted 00:24:57 (8750 turns).

porpoise the Skirmisher (Human Hexslinger)          Turns: 8750, Time: 00:24:57

Health: -6/75      AC: 12    Str: 11    XL:     11   Next: 9%
Magic:  14/14      EV: 19    Int: 14    God:    Hepliaklqana [***...]
Gold:   559        SH:  0    Dex: 20    Spells: 11/12 levels left

rFire   + . .        b - +2 dagger (venom)
rCold   + . .        (no shield)
rNeg    . . .        N - +2 leather armour "Xeamet" {Dex+3}
rPois   +            (no helmet)
rElec   .            y - scarf of Ygreate {rC+ rF+, Stlth+}
rCorr   .            g - +2 pair of gloves
SInv    .            d - +2 pair of boots
Will    .....        (no amulet)
Stlth   ++           H - +5 ring of evasion
HPRegen 0.32/turn    K - ring of poison resistance
MPRegen 0.14/turn

%: no passive effects
@: no status effects
A: reduced essence
a: Renounce Religion, Ancestor Life: Knight, Ancestor Life: Battlemage, Ancestor
Life: Hexer, Recall Ancestor, Ancestor Identity, Transference


You were on level 8 of the Dungeon.
You worshipped Hepliaklqana.
Hepliaklqana was most pleased with you.
You visited 1 branch of the dungeon, and saw 8 of its levels.
You also visited: Sewer.

You collected 559 gold pieces.

Inventory:

Hand Weapons
 a - a +1 shortbow
 b - a +2 dagger of venom (weapon)
 p - a +1 sling
 A - a +2 whip of draining
 I - a +1 long sword of flaming
Missiles
 f - 11 poisoned darts
 B - a throwing net
 E - a boomerang
Armour
 d - a +2 pair of boots (worn)
 g - a +2 pair of gloves (worn)
 y - the scarf of Ygreate (worn) {rC+ rF+, Stlth+}
   (You found it on level 3 of the Dungeon)

   Stlth:     It makes you more stealthy.
 z - an orb of guile
 C - a scarf of shadows
 J - a +2 cloak
 N - the +2 leather armour "Xeamet" (worn) {Dex+3}
   (You found it on level 8 of the Dungeon)

   Dex:       It affects your dexterity (+3).
Jewellery
 s - an amulet of magic regeneration
 v - a ring of ice
 D - a +6 ring of dexterity
 H - a +5 ring of evasion (left hand)
 K - a ring of poison resistance (right hand)
 O - an amulet of the acrobat
Wands
 k - a wand of flame (17)
Scrolls
 e - 2 scrolls of silence
 m - 2 scrolls of enchant weapon
 o - 2 scrolls of amnesia
 r - a scroll of identify
 u - 7 scrolls of noise
 w - 2 scrolls of poison
 x - 3 scrolls of blinking
 M - a scroll of fog
Potions
 c - 4 potions of flight
 h - a potion of mutation
 j - a potion of ambrosia
 l - 5 potions of curing
 n - a potion of might
 q - a potion of haste
 t - a potion of cancellation
 F - a potion of brilliance
 G - a potion of resistance
 L - a potion of attraction


   Skills:
 - Level 7.0 Fighting
 * Level 12.2 Ranged Weapons
 - Level 5.0 Armour
 + Level 4.1 Dodging
 - Level 1.0 Spellcasting
 - Level 3.0 Hexes
 + Level 4.8 Invocations


You had 11 spell levels left.
You knew the following spells:

 Your Spells              Type           Power      Damage    Failure   Level
a - Slow                  Hex            36%        N/A       10%         1

Your spell library contained the following spells:

 Spells                   Type           Power      Damage    Failure   Level
 Magic Dart               Conj           0%         1d3       32%         1
 Searing Ray              Conj           0%         2d4       45%         2
 Inner Flame              Hex/Fire       4%         N/A       47%         3
 Portal Projectile        Hex/Tloc       8%         N/A       47%         3
 Cause Fear               Hex            4%         N/A       67%         4
 Fulminant Prism          Conj/Hex       2%         3d5       87%         4


Dungeon Overview and Level Annotations

Branches:
Dungeon (8/15)             Temple (0/1) D:5           Sewer (visited)
   Lair: D:8-11

Altars:
Gozag
Hepliaklqana
Makhleb
Qazlal
Sif Muna

Shops:
D:5 :   D:6 [


Message History

You are engulfed in calcifying dust.
The catoblepas breathes a plume of calcifying dust at you.
The blast of calcifying dust hits you but does no damage.
You are engulfed in calcifying dust.
The catoblepas breathes a plume of calcifying dust at you.
The blast of calcifying dust hits you.
* * * LOW HITPOINT WARNING * * *
You are engulfed in calcifying dust.
You kill the catoblepas!
Your Ranged Weapons skill increases to level 12!
Your Dodging skill increases to level 4!
You have reached level 11!
The troll bites you.
* * * LOW HITPOINT WARNING * * *
The troll claws you but does no damage. x2
The troll bites you but does no damage. The troll claws you but does no damage.
The troll claws you.
* * * LOW HITPOINT WARNING * * *
You turn to flesh and can move again.
You feel much better. The troll bites you!
* * * LOW HITPOINT WARNING * * *
The troll barely misses you. The troll claws you.
* * * LOW HITPOINT WARNING * * *
Unknown command.
Okay, then.
Blink to where?
Press: ? - help, Dir - move target
There is a tree there.
Okay, then.
Unknown command.
Unknown command.
You closely miss the troll. The troll barely misses you. x2
The troll misses you.
You barely miss the troll. The troll completely misses you.
The troll misses you. The troll barely misses you.
You barely miss the troll. The troll misses you.
The troll claws you but does no damage. x2
You closely miss the troll. The troll closely misses you.
The troll barely misses you. The troll claws you!
You die...

#[.......................
#.######.#..##.###..##..#
###.................
#.........######.#.#
#........)..........
#.###.############## #.
♣.♣ .>#♣♣.♣♣# ## #@T♣..#
#♣♣y♣ ♣.♣ ♣.♣ ♣T♣ ♣y♣ ♣.♣
♣♣†♣♣ #♣...♣#


You could see a troll and a killer bee.

Vanquished Creatures
  A catoblepas (D:8)
  Pikel (D:6)
  A manticore (D:8)
  Grinder (D:5)
  A wyvern (D:8)
  Eustachio (D:6)
  An acid dragon (D:8)
  2 water moccasins (D:6)
  2 ice beasts
  An orc warrior (D:7)
  2 black bears
  A centaur (D:7)
  A lemure (D:6)
  A phantom (D:6)
  2 bullfrogs
  A kobold brigand (D:8)
  2 scorpions
  A wight (D:8)
  3 killer bees (D:8)
  A vampire bat (D:6)
  An electric eel (D:7)
  3 howler monkeys
  2 hounds (D:4)
  2 jellies
  An orc priest (D:5)
  3 gnoll boudas (D:7)
  4 iguanas
  Natasha (thrice) (D:2)
  3 orc wizards
  10 adders
  11 gnolls
  2 river rats (Sewer)
  A shadow imp (D:5)
  5 worms
  3 dart slugs
  11 orcs
  4 endoplasms
  2 giant cockroaches
  7 goblins
  6 hobgoblins
  7 jackals
  3 quokkas
  10 ball pythons
  18 bats
  11 frilled lizards
  8 kobolds
  6 rats
174 creatures vanquished.

Vanquished Creatures (collateral kills)
  A hornet (D:8)
  A wyvern (D:8)
  Menkaure (D:6)
  A water moccasin (D:8)
  An ice beast (D:7)
  An orc warrior (D:7)
  2 ogres (D:5)
  2 centaurs
  A lemure (D:6)
  Blork the orc (D:6)
  A bullfrog (D:8)
  A scorpion (D:4)
  2 howler monkeys (D:7)
  An orc priest (D:5)
  An iguana (D:5)
  An orc wizard (D:7)
  5 gnolls (D:7)
  4 adders
  4 river rats (Sewer)
  A worm (D:5)
  4 orcs
  An endoplasm (Sewer)
  A giant cockroach (Sewer)
  A hobgoblin (D:4)
  5 jackals (Sewer)
  3 quokkas (Sewer)
  A ball python (Sewer)
  4 bats
  A frilled lizard (Sewer)
  A kobold (D:8)
55 creatures vanquished.

Vanquished Creatures (others)
  A killer bee (D:8)
  An orc wizard (D:5)
  5 ancestors
7 creatures vanquished.

Grand Total: 236 creatures vanquished

Notes
Turn   | Place    | Note
-------+----------+-------------------------------------------
     0 | D:1      | porpoise the Human Hexslinger began the quest for the Orb.
     0 | D:1      | Reached XP level 1. HP: 15/15 MP: 2/2
   415 | D:1      | Reached XP level 2. HP: 21/21 MP: 3/3
   737 | D:1      | Reached skill level 3 in Ranged Weapons
   737 | D:1      | Reached XP level 3. HP: 27/27 MP: 4/4
  1181 | D:2      | Noticed Natasha
  1203 | D:2      | Killed Natasha
  1204 | D:2      | Reached XP level 4. HP: 8/33 MP: 5/5
  1335 | D:2      | Noticed Natasha
  1343 | D:2      | Killed Natasha
  1460 | D:2      | Noticed Natasha
  1473 | D:2      | Killed Natasha
  1474 | D:2      | Reached skill level 4 in Ranged Weapons
  1474 | D:2      | Reached XP level 5. HP: 11/39 MP: 6/6
  1985 | D:2      | Found a faded altar of an unknown god.
  2348 | D:3      | Reached skill level 1 in Armour
  2348 | D:3      | Reached XP level 6. HP: 21/45 MP: 2/7
  2629 | D:3      | Identified the scarf of Ygreate {rC+ rF+, Stlth+}
  3013 | D:4      | Found a hazy altar of Hepliaklqana.
  3013 | D:4      | Found a burning altar of Makhleb.
  3017 | D:4      | Became a worshipper of Hepliaklqana the Forgotten
  3101 | D:4      | Reached skill level 5 in Ranged Weapons
  3452 | D:4      | Identified the +5 hand axe "Zarphiy" {flame, rF+ Int+2}
  3499 | D:4      | Found an opulent altar of Gozag.
  3563 | D:4      | Reached * piety under Hepliaklqana
  3586 | D:4      | Reached XP level 7. HP: 46/46 MP: 8/8
  3827 | D:4      | Reached skill level 6 in Ranged Weapons
  4064 | D:5      | Entered Level 5 of the Dungeon
  4301 | D:5      | Reached XP level 8. HP: 54/54 MP: 9/9
  4318 | D:5      | Found Ezergh's Book Boutique.
  4474 | D:5      | Reached ** piety under Hepliaklqana
  4479 | D:5      | Noticed Grinder
  4488 | D:5      | Reached skill level 7 in Ranged Weapons
  4490 | D:5      | Paralysed by Grinder for 2 turns
  4502 | D:5      | Paralysed by Grinder for 3 turns
  4510 | D:5      | Killed Grinder
  4633 | D:5      | Found a stormy altar of Qazlal.
  4639 | D:5      | Reached skill level 5 in Fighting
  4639 | D:5      | Noticed a water elemental
  4640 | D:5      | Noticed an air elemental
  4640 | D:5      | Noticed a fire elemental
  4888 | D:5      | Found a staircase to the Ecumenical Temple.
  4950 | D:6      | Reached skill level 8 in Ranged Weapons
  4950 | D:6      | Reached XP level 9. HP: 27/61 MP: 10/10
  5084 | D:6      | Noticed Pikel
  5110 | D:6      | Killed Pikel
  5111 | D:6      | Reached skill level 5 in Armour
  5240 | D:6      | Found a glowing drain.
  5253 | Sewer    | Entered a sewer
  5446 | Sewer    | Reached skill level 9 in Ranged Weapons
  6419 | D:6      | Noticed Blork the orc
  6428 | D:6      | Killed Blork the orc
  6438 | D:6      | Noticed Menkaure
  6441 | D:6      | Killed Menkaure
  6492 | D:6      | Found a shimmering blue altar of Sif Muna.
  6554 | D:6      | Found Bufetobb's Armour Boutique.
  6554 | D:6      | Noticed Eustachio
  6568 | D:6      | Killed Eustachio
  6674 | D:6      | Reached skill level 10 in Ranged Weapons
  6674 | D:6      | Reached XP level 10. HP: 69/69 MP: 11/11
  6828 | D:7      | Reached *** piety under Hepliaklqana
  7016 | D:7      | Reached skill level 1 in Invocations
  7352 | D:7      | Reached skill level 11 in Ranged Weapons
  7652 | D:8      | Noticed a cyclops
  7874 | D:8      | Identified the +2 leather armour "Xeamet" {Dex+3}
  8433 | D:8      | Noticed a manticore
  8448 | D:8      | Killed a manticore
  8673 | D:8      | Noticed a catoblepas
  8743 | D:8      | Killed a catoblepas
  8744 | D:8      | Reached skill level 12 in Ranged Weapons
  8744 | D:8      | Reached XP level 11. HP: 5/75 MP: 14/14
  8745 | D:8      | HP: 3/75 [troll (1)]
  8746 | D:8      | HP: 1/75 [troll (5)]
  8750 | D:8      | Mangled by a troll

Illustrated notes

Levels and vault maps discovered:
D:1:      scummos_arrival_simple_crosswalls, layout_basic, minmay_3d_cube
D:2:      layout_rooms, chequers_ecumenical_altar_lobes, uniq_natasha
D:3:      layout_basic, guppyfry_early_lair_pool
D:4:      layout_gridville, nicolae_gozag_cash_rules_everything_around_me,
          chequers_temple_overflow_statue_of_worship, minmay_box_of_dots
D:5:      layout_basic, nicolae_qazlal_style_of_elements,
          minmay_temple_entry_enclosed_plants, serial_shops,
          nicolae_shop_pleasant_corner_grove, fountainhead, uniq_grinder
D:6:      layout_basic, mainiacjoe_overflow_surrounded_room, serial_shops,
          nicolae_shop_stone, portal_sewer_entry_d, minivault_10,
          grunt_decor_arrowhead, roderic_batcave, uniq_pikel, uniq_menkaure,
          uniq_eustachio, uniq_blork_the_orc
D:7:      layout_cave_pools, minmay_liquid_box, lightli_minifort
D:8:      nzn_winding_woodlands_large [nzn_winding_woodlands_5x5_cross,
          nzn_winding_woodlands_5x15_garden, nzn_winding_woodlands_5x5_default,
          nzn_winding_woodlands_center_triple_pond,
          nzn_winding_woodlands_15x15_boxy_spiral,
          nzn_winding_woodlands_center_diamonds,
          nzn_winding_woodlands_5x5_closed_star,
          nzn_winding_woodlands_5x15_longhouse,
          nzn_winding_woodlands_5x5_open_star], layout_basic

Skill      XL: |  1  2  3  4  5  6  7  8  9 10 |
---------------+-------------------------------+-----
Ranged Weapons | 3 4 5 6 8 10 12 | 12.2
Fighting       | 2 3 4 5 6 7 |  7.0
Armour         | 1 2 3 4 5 |  5.0
Invocations    | 4 |  4.8
Dodging        | 4 |  4.1
Spellcasting   | |  1.0
Hexes          | |  3.0

Action                     |  1- 3 |  4- 6 |  7- 9 | 10-12 || total
---------------------------+-------+-------+-------+-------++-------
  Melee: Dagger            |       |     4 |    85 |    13 ||   102
         Whip              |       |     3 |       |       ||     3
         Punch             |       |     1 |     5 |     1 ||     7
         Long sword        |       |       |     1 |       ||     1
   Fire: Sling             |    91 |   200 |    51 |       ||   342
         Shortbow          |       |       |   160 |   204 ||   364
   Cast: Slow              |       |     4 |       |       ||     4
 Invoke: Ancestor Identity |       |     1 |       |       ||     1
         Recall Ancestor   |       |       |       |     1 ||     1
    Use: Potion            |       |     1 |     2 |     2 ||     5
         Scroll            |       |     8 |     8 |     7 ||    23
   Stab: Distracted        |       |       |     1 |       ||     1
 Armour: Robe              |    26 |    13 |       |       ||    39
         Ring mail         |       |    43 |    98 |    30 ||   171
         Leather armour    |       |       |       |    24 ||    24
  Dodge: Dodged            |    38 |    72 |   111 |    97 ||   318
